 Dungeon Crawl Stone Soup version 0.31-a0-819-gf6de2f5ab6 (webtiles) character file.

Game seed: 16635888342842010798

12562 demibob the Impaler (level 11, -8/75 HPs)
             Began as a Merfolk Chaos Knight on Sept 24, 2023.
             Was a Plaything of Xom.
             Mangled by a death yak (24 damage)
             ... on level 2 of the Lair of Beasts.
             The game lasted 00:13:28 (7569 turns).

demibob the Impaler (Merfolk Chaos Knight)          Turns: 7569, Time: 00:13:30

Health: -8/75      AC:  9    Str: 16      XL:     11   Next: 95%
Magic:  11/11      EV: 24    Int: 12      God:    Xom [.*....]
Gold:   743        SH:  0    Dex: 16 (17) Spells: 10/10 levels left

rFire   . . .        a - +3 halberd (heavy)
rCold   . . .        (shield currently unavailable)
rNeg    . . .        B - +0 acid dragon scales
rPois   .            (no helmet)
rElec   +            t - +0 cloak
rCorr   +            (no gloves)
SInv    .            n - +1 pair of boots
Will    +....        f - amulet "Kogewivaev" {RegenMP rElec Str+3}
Stlth   +            W - ring of willpower
HPRegen 0.32/turn    E - +5 ring of evasion
MPRegen 0.52/turn

%: no passive effects
@: on berserk cooldown, slowed, very slow
A: (nimble swimmer 2), mertail
a: Renounce Religion


You were on level 2 of the Lair of Beasts.
You worshipped Xom.
You were a plaything of Xom.
You visited 2 branches of the dungeon, and saw 10 of its levels.
You also visited: Ossuary.

You collected 743 gold pieces.


Innate Abilities, Weirdness & Mutations

((You are very nimble when in or above water. (Stealth+, EV+, Speed+++)))
Your lower body shifts to a powerful aquatic tail in water.


   Skills:
 - Level 3.2 Fighting
 + Level 19.1 Polearms
 - Level 0.6 Armour
 + Level 14.9 Dodging


You had 10 spell levels left.
You didn't know any spells.
Your spell library contained the following spells:

 Spells                   Type           Power      Damage    Failure   Level
 Shock                    Conj/Air       0%         1d3       41%         1
 Scorch                   Fire           0%         2d5       56%         2
 Gell's Gravitas          Tloc           0%         N/A       80%         3
 Stone Arrow              Conj/Erth      0%         3d7       80%         3
 Teleport Other           Tloc           0%         N/A       80%         3
 Animate Armour           Summ/Erth      0%         N/A       99%         4
 Fulminant Prism          Conj/Hex       0%         3d5       99%         4
 Iskenderun's Battlesphe  Conj           0%         2d6       100%        5
 Conjure Ball Lightning   Conj/Air       0%         3x3d6     100%        6
 Dispersal                Tloc           0%         N/A       100%        6
 Discord                  Hex            0%         N/A       100%        8
 Disjunction              Tloc           0%         N/A       100%        8
 Lehudib's Crystal Spear  Conj/Erth      0%         10d2      100%        8

Inventory:

Hand Weapons
 a - a +3 heavy halberd (weapon)
 b - a +5 spear of freezing
 h - a +0 spear of chaos
Missiles
 e - 3 datura-tipped darts
 j - 2 throwing nets {=f}
Armour
 c - a scarf of harm
 n - a +1 pair of boots (worn)
 t - a +0 cloak (worn)
 B - +0 acid dragon scales (worn)
Jewellery
 f - the amulet "Kogewivaev" (around neck) {RegenMP rElec Str+3}
   (You found it on level 6 of the Dungeon)

   [amulet of magic regeneration]

   RegenMP:   It increases your rate of magic regeneration.
   Str+3:     It affects your strength (+3).
   rElec:     It insulates you from electricity.
 D - a +6 ring of dexterity
 E - a +5 ring of evasion (right hand)
 F - a ring of protection from fire
 W - a ring of willpower (left hand)
Wands
 k - a wand of paralysis (4)
 q - a wand of iceblast (13)
 y - a wand of digging (5)
 K - a wand of polymorph (15)
Scrolls
 d - 5 scrolls of teleportation {@r2}
 i - 3 scrolls of revelation
 r - 2 scrolls of blinking
 s - 2 scrolls of identify {@r1}
 x - 4 scrolls of vulnerability
 H - 2 scrolls of enchant weapon
 I - a scroll of fear
 J - 3 scrolls of immolation
Potions
 g - 3 potions of brilliance
 l - a potion of magic
 m - a potion of heal wounds {@q2}
 o - a potion of invisibility
 p - 2 potions of lignification
 u - a potion of ambrosia
 w - 2 potions of might
 z - a potion of curing {@q1}
 A - 2 potions of enlightenment
 G - a potion of haste {@q3}

Dungeon Overview and Level Annotations

Branches:
Dungeon (8/15)             Temple (0/1) D:6            Lair (2/5) D:8
Ossuary (visited)
  Swamp: Lair:2-3    Shoals: Lair:2-3     Snake: Lair:2-3    Spider: Lair:2-3

Altars:
Ashenzari
Kikubaaqudgha
Okawaru
Sif Muna
Uskayaw
Wu Jian
Xom

Shops:
D:1 [(   D:2 ! D:8

* .. #P.P
P.# #.. .
#.## #..
##..#
#####....
#...###=5..+
#..YYY@55#
#..h##P###
#...5######
~~....>##
♣....#.
..###.. .
#.. #.# ..


You could see 3 death yaks, a wolf, a quasit (summoned), a crimson imp
(summoned), a white imp (summoned) and an ufetubus (summoned).


Message History

You feel clumsy. The quasit barely misses you.
The quasit completely misses you.
You barely miss the death yak.
The death yak is moderately wounded.
The crimson imp hits you.
* * * LOW HITPOINT WARNING * * *
The death yak gores you!
* * * LOW HITPOINT WARNING * * *
The death yak completely misses you. The quasit completely misses you.
The quasit closely misses you. The quasit completely misses you.
You impale the death yak!!
The death yak is severely wounded.
The crimson imp blinks!
The death yak barely misses you.
The quasit completely misses you. x2; The quasit misses you.
Unknown command.
You impale the death yak!!
You kill the death yak!
The death yak gores you!
* * * LOW HITPOINT WARNING * * *
Unknown command.
You hit the death yak.
The death yak is heavily wounded.
You are no longer berserk.
You are exhausted.
You feel yourself slow down. The quasit misses you.
The quasit barely misses you. x2
The crimson imp blinks!
The white imp completely misses you. The death yak gores you!!
You die...
Xom chuckles heartily!

Skill      XL: |  1  2  3  4  5  6  7  8  9 10 11 |
---------------+----------------------------------+-----
Polearms       | 5 6 8 10 11 13 15 17 19 | 19.1
Dodging        | 5 9 12 14 | 14.9
Fighting       | |  3.2
Armour         | |  0.6

Action                     |  1- 3 |  4- 6 |  7- 9 | 10-12 || total
---------------------------+-------+-------+-------+-------++-------
  Melee: Spear             |   125 |   153 |   492 |       ||   770
         Punch             |     2 |     1 |     6 |       ||     9
         Halberd           |       |       |       |   210 ||   210
  Evoke: Wand              |       |       |     6 |     1 ||     7
    Use: Scroll            |     5 |     6 |    15 |     2 ||    28
         Potion            |       |     2 |     5 |     4 ||    11
   Stab: Sleeping          |     2 |     2 |     1 |     1 ||     6
         Confused          |       |       |     2 |       ||     2
         Paralysed         |       |       |     6 |       ||     6
 Armour: Leather armour    |    37 |    28 |    80 |       ||   145
         Acid dragon scale |       |       |       |    58 ||    58
  Dodge: Dodged            |    52 |    35 |   148 |   203 ||   438

Levels and vault maps discovered:
D:1:      psy_arrival_statuary, layout_rooms, chequers_ecumenical_altar_island,
          serial_shops, nicolae_square_shop, shop
D:2:      layout_loops_ring, serial_shops, shop
D:3:      wad_crossroads, layout_basic, nicolae_ashenzari_skybound,
          dk_noncrumbling_3, st_stairs_10, uniq_terence, uniq_grinder,
          uniq_sigmund
D:4:      layout_gridville, nicolae_titane
D:5:      minmay_opposing_rooms, layout_loops_corners,
          kennysheep_orc_sif_temple, mainiacjoe_overflow_surrounded_room,
          okawaru_ov_weapons_minmay
D:6:      layout_basic, nicolae_overflow_two_pavilions,
          minmay_temple_entry_overgrown, st_stairs_6
D:7:      layout_rooms, nicolae_ossuary_entry_plus
D:8:      layout_loops_ring, erik_lair_orcish_takeover, nicolae_elemental_shop,
          uniq_maggie
Lair:1:   layout_hall_layers, serial_bayou_shore_b, lemuel_fruit_tree,
          grunt_megastairs_3, uniq_erica
Lair:2:   layout_roguey, minmay_snake_entry_six_corridors,
          nicolae_lair_grazing_beasts [nicolae_sub_lair_graze_edge,
          nicolae_sub_lair_graze_edge, nicolae_sub_lair_graze_edge,
          nicolae_sub_lair_graze_edge]

Notes
Turn   | Place    | Note
-------+----------+-------------------------------------------
     0 | D:1      | demibob the Merfolk Chaos Knight began the quest for the
                  | Orb.
     0 | D:1      | Reached XP level 1. HP: 18/18 MP: 1/1
    62 | D:1      | Found Zasoh's Weapon Emporium.
    67 | D:1      | XOM: silly message
   111 | D:1      | Reached XP level 2. HP: 19/24 MP: 2/2
   133 | D:1      | Found Rief's Armour Emporium.
   227 | D:1      | Found a faded altar of an unknown god.
   230 | D:1      | Reached skill level 5 in Polearms
   730 | D:2      | Reached XP level 3. HP: 29/29 MP: 3/3
   811 | D:2      | Found Hacuut's Distillery.
   998 | D:2      | Reached skill level 6 in Polearms
  1055 | D:2      | Reached XP level 4. HP: 35/35 MP: 4/4
  1315 | D:3      | Noticed Grinder
  1315 | D:3      | XOM: summons 2 friendly demons
  1341 | D:3      | XOM: scenery: create altars
  1341 | D:3      | XOM: butterfly on damage
  1354 | D:3      | Killed Grinder
  1355 | D:3      | Reached skill level 8 in Polearms
  1355 | D:3      | Reached XP level 5. HP: 38/41 MP: 5/5
  1355 | D:3      | Reached XP level 6. HP: 44/47 MP: 6/6
  1514 | D:3      | Reached skill level 9 in Polearms
  1603 | D:3      | Identified a +2 robe of resistance
  1603 | D:3      | Noticed Sigmund
  1632 | D:3      | Sigmund changed into Sigmund the jelly
  1632 | D:3      | Noticed Sigmund
  1632 | D:3      | XOM: polymorph Sigmund -> Sigmund the jelly
  1635 | D:3      | Killed Sigmund the jelly
  1644 | D:3      | Got an odd book
  1677 | D:3      | Noticed Terence
  1684 | D:3      | Killed Terence
  2036 | D:3      | Found a broken altar of Ashenzari.
  2081 | D:3      | XOM: silly message
  2240 | D:4      | Identified the +2 dagger of Fewnaj {heavy, MP+9}
  2287 | D:4      | Noticed a black bear
  2294 | D:4      | Killed a black bear
  2295 | D:4      | Reached skill level 10 in Polearms
  2295 | D:4      | Reached XP level 7. HP: 50/52 MP: 7/7
  2305 | D:4      | XOM: noise
  2479 | D:4      | XOM: confusion (+ monsters)
  2482 | D:4      | XOM: silly message
  2521 | D:4      | XOM: potion effect (heal wounds)
  2531 | D:4      | Reached skill level 11 in Polearms
  2843 | D:4      | XOM: fake destruction
  2909 | D:4      | XOM: silly message
  2940 | D:5      | Entered Level 5 of the Dungeon
  2969 | D:5      | Found an iron altar of Okawaru.
  2978 | D:5      | Identified the +5 mace "Vamukk" {protect, rN++}
  3019 | D:5      | XOM: 3-stop teleportation journey
  3045 | D:5      | Found a hide-covered altar of Uskayaw.
  3184 | D:5      | Found a shimmering blue altar of Sif Muna.
  3204 | D:5      | XOM: summons friendly quasit
  3218 | D:5      | Reached XP level 8. HP: 58/58 MP: 8/8
  3232 | D:5      | Reached skill level 12 in Polearms
  3441 | D:5      | XOM: confusion (+ monsters)
  3442 | D:5      | XOM: swap monsters
  3546 | D:5      | XOM: confusion (+ monsters)
  3620 | D:5      | XOM: smoke on damage
  3627 | D:5      | Reached skill level 13 in Polearms
  3923 | D:5      | Reached skill level 3 in Dodging
  3923 | D:5      | XOM: polymorph black bear -> acid dragon
  3942 | D:5      | Reached skill level 4 in Dodging
  4059 | D:6      | XOM: butterfly on damage
  4063 | D:6      | Reached skill level 5 in Dodging
  4066 | D:6      | Identified the amulet "Kogewivaev" {RegenMP rElec Str+3}
  4154 | D:6      | Reached XP level 9. HP: 49/64 MP: 9/9
  4205 | D:6      | Reached skill level 14 in Polearms
  4228 | D:6      | Found a staircase to the Ecumenical Temple.
  4290 | D:6      | Reached skill level 6 in Dodging
  4380 | D:6      | XOM: silly message
  4508 | D:6      | Reached skill level 7 in Dodging
  4697 | D:6      | Found an ancient bone altar of Kikubaaqudgha.
  4697 | D:6      | Found an ornate altar of the Wu Jian Council.
  4917 | D:7      | Found a sand-covered staircase.
  4923 | Ossuary  | Entered an ossuary
  5326 | D:7      | Noticed a hornet
  5333 | D:7      | Killed a hornet
  5334 | D:7      | Reached skill level 8 in Dodging
  5358 | D:7      | XOM: summons 1 hostile demon
  5524 | D:7      | Noticed a deep elf pyromancer
  5531 | D:7      | Killed a deep elf pyromancer
  5532 | D:7      | Reached skill level 15 in Polearms
  5537 | D:7      | Reached skill level 9 in Dodging
  5553 | D:7      | XOM: divine lightning
  5561 | D:7      | XOM: divination: detect creatures
  5686 | D:8      | Noticed a hornet
  5693 | D:8      | XOM: 5-stop teleportation journey
  5701 | D:8      | Noticed Maggie
  5723 | D:8      | Killed Maggie
  5724 | D:8      | Reached XP level 10. HP: 64/70 MP: 10/10
  5760 | D:8      | Reached skill level 10 in Dodging
  5818 | D:8      | Found Ydeomn's Elemental Accessories.
  5863 | D:8      | XOM: enchant monster (good)
  5865 | D:8      | Reached skill level 16 in Polearms
  5983 | D:8      | XOM: enchant monster (good)
  6078 | D:8      | Found a staircase to the Lair.
  6341 | D:8      | XOM: noise
  6387 | Lair:1   | Entered Level 1 of the Lair of Beasts
  6410 | Lair:1   | Noticed Erica
  6411 | Lair:1   | Noticed a cane toad
  6417 | Lair:1   | XOM: enchant monster (good)
  6420 | Lair:1   | Killed a cane toad
  6421 | Lair:1   | Reached skill level 11 in Dodging
  6430 | Lair:1   | Killed Erica
  6584 | Lair:1   | Noticed a cane toad
  6588 | Lair:1   | Killed a cane toad
  6589 | Lair:1   | Reached skill level 17 in Polearms
  6596 | Lair:1   | Noticed a cane toad
  6599 | Lair:1   | Reached skill level 12 in Dodging
  6607 | Lair:1   | XOM: potion effect (brilliance)
  6608 | Lair:1   | XOM: confuse monster(s)
  6613 | Lair:1   | Killed a cane toad
  6614 | Lair:1   | XOM: confuse monster(s)
  6617 | Lair:1   | Reached XP level 11. HP: 54/75 MP: 11/11
  6710 | Lair:1   | Reached skill level 13 in Dodging
  6797 | Lair:1   | XOM: enchant monster (bad)
  6803 | Lair:1   | Reached skill level 18 in Polearms
  6991 | Lair:1   | Identified the +4 rapier of Imbalance {antimagic, *Rage
                  | rElec rPois rF-}
  7245 | Lair:1   | Reached skill level 14 in Dodging
  7490 | Lair:2   | XOM: 1-stop teleportation journey
  7534 | Lair:2   | Noticed a death yak
  7543 | Lair:2   | Noticed a death yak
  7544 | Lair:2   | Noticed a death yak
  7545 | Lair:2   | Noticed a death yak
  7545 | Lair:2   | Noticed a death yak
  7546 | Lair:2   | XOM: blink monster(s)
  7546 | Lair:2   | Noticed a death yak
  7556 | Lair:2   | Killed a death yak
  7558 | Lair:2   | XOM: summons 5 hostile demons
  7561 | Lair:2   | Killed a death yak
  7562 | Lair:2   | Reached skill level 19 in Polearms
  7568 | Lair:2   | Killed a death yak
  7569 | Lair:2   | Mangled by a death yak

Vanquished Creatures
  Erica (Lair:1)
  3 death yaks (Lair:2)
  A deep elf pyromancer (D:7)
  2 black mambas (Lair:1)
  4 cane toads
  Maggie (D:8)
  3 komodo dragons
  2 hornets
  14 yaks (Lair:1)
  A basilisk (Lair:1)
  A steam dragon (Lair:1)
  A warg (D:8)
  An acid dragon (D:5)
  6 water moccasins
  2 orc warriors (D:8)
  An ice beast (D:6)
  3 black bears
  An ogre (D:4)
  4 wolves (Lair:2)
  A centaur (D:8)
  3 phantoms
  A kobold brigand (D:8)
  4 bullfrogs
  A gnoll sergeant (D:5)
  3 scorpions
  5 wights (D:6)
  A howler monkey (D:7)
  5 orc priests
  5 hounds
  A gnoll bouda (D:8)
  4 jellies
  4 sleepcaps
  An iguana (D:4)
  Terence (D:3)
  7 orc wizards
  8 mummies (Ossuary)
  8 gnolls
  9 adders
  2 white imps
  2 worms
  30 orcs
  5 ball pythons
  10 bats
  7 endoplasms
  5 giant cockroaches
  4 goblins
  8 hobgoblins
  4 jackals (D:3)
  5 quokkas
  6 frilled lizards
  2 gnoll zombies (Ossuary)
  A hobgoblin zombie (Ossuary)
  11 kobolds
  3 kobold zombies (Ossuary)
  2 orc zombies (Ossuary)
  9 rats
240 creatures vanquished.

Vanquished Creatures (collateral kills)
  Grinder (D:3)
  An orc wizard (D:5)
  A bat (D:3)
  A kobold (D:8)
4 creatures vanquished.

Vanquished Creatures (others)
  An orc warrior (D:7)
  An orc (D:7)
2 creatures vanquished.

Grand Total: 246 creatures vanquished

Table legend: (Time is in decaauts)
 A = Elapsed time spent in this place.
 B = Non-inter-level travel time spent in this place.
 C = Inter-level travel time spent in this place.
 D = Time resting spent in this place.
 E = Time spent auto-exploring this place.
 F = Levels seen in this place.
 G = Mean time per level.
                   A        B        C        D        E       F      G
               +--------+--------+--------+--------+--------+-----+--------+
         Total |   7229 |   6971 |    258 |    133 |   5384 |  11 |  657.2 |
       Dungeon |   5829 |   5600 |    229 |    133 |   4345 |   8 |  728.6 |
          Lair |   1194 |   1165 |     29 |      0 |    924 |   2 |  597.0 |
       Ossuary |    205 |    205 |      0 |      0 |    115 |   1 |  205.0 |
               +--------+--------+--------+--------+--------+-----+--------+

Top non-repeatable levels by time:
  Lair:1: 1096 daAuts
     D:5: 1008 daAuts
     D:6: 802 daAuts
     D:3: 788 daAuts
     D:4: 736 daAuts
     D:8: 697 daAuts
     D:1: 642 daAuts
     D:2: 642 daAuts
     D:7: 511 daAuts
 Ossuary: 205 daAuts
  Lair:2: 98 daAuts

Table legend:
 A = Non-vault XP
 B = Vault XP
 C = Vault XP percentage of total XP
 D = Non-vault monster count
 E = Vault monster count
 F = Vault count percentage of total count
                 A         B        C        D         E       F
            +---------+---------+-------+---------+---------+-------
      Total |   12601 |    5346 |  29.8 |     189 |      56 |  22.9
            +---------+---------+-------+---------+---------+-------
        D:1 |      30 |       0 |   0.0 |      20 |       0 |   0.0
        D:2 |      57 |       0 |   0.0 |      23 |       0 |   0.0
        D:3 |      96 |     361 |  79.0 |      24 |      10 |  29.4
        D:4 |     605 |       0 |   0.0 |      23 |       0 |   0.0
        D:5 |     357 |     431 |  54.7 |      14 |      14 |  50.0
        D:6 |    1178 |      87 |   6.9 |      23 |       2 |   8.0
        D:7 |    1258 |       0 |   0.0 |      10 |       0 |   0.0
        D:8 |     961 |     784 |  44.9 |      17 |       8 |  32.0
     Lair:1 |    6845 |    1082 |  13.6 |      29 |       3 |   9.4
     Lair:2 |    1214 |    2449 |  66.9 |       6 |       3 |  33.3
    Ossuary |       0 |     152 | 100.0 |       0 |      16 | 100.0
            +---------+---------+-------+---------+---------+-------
